 Dungeon Crawl Stone Soup version 0.20-a0-259-gc929cd2 (webtiles) character file.

58 feito the Skirmisher (level 4, -1/36 HPs)
             Began as a Vine Stalker Monk on Dec 2, 2016.
             Succumbed to a kobold's poison
             ... on level 2 of the Dungeon.
             The game lasted 00:09:34 (2807 turns).

feito the Skirmisher (Vine Stalker Monk)            Turns: 2807, Time: 00:09:35

Health: -1/36      AC: 22    Str: 17 (18) XL:     4   Next: 1%
Magic:  4/5        EV:  2    Int:  9 (10) God:
Gold:   95         SH:  0    Dex: 20 (23) Spells: 3/3 levels left

rFire  . . .     SeeInvis .     p - -1 quarterstaff (curse)
rCold  . . .     Gourm    .     (armour currently unavailable)
rNeg   + + +     Faith    .     (shield currently unavailable)
rPois  +         Spirit   +     (helmet currently unavailable)
rElec  .         Reflect  .     (cloak currently unavailable)
rCorr  .         Harm     .     (gloves currently unavailable)
MR     .....     NoTele   +     (boots currently unavailable)
Stlth  ++++......               (no amulet)
                                (no ring)
                                (no ring)

@: mighty, agile, lethally poisoned (-1 -> -10), tree-form
A: (fangs 0), regeneration 1, magic shield, (antimagic bite), no device heal 3,
rot immunity
a: no special abilities


You were on level 2 of the Dungeon.
You were not hungry.
You were a tree.
You visited 1 branch of the dungeon, and saw 2 of its levels.

You collected 95 gold pieces.

Inventory:

Hand Weapons
 a - a +0 mace
 p - a cursed -1 quarterstaff (weapon)
Missiles
 d - 30 stones (quivered)
Armour
 b - a +0 robe
 m - a +1 ring mail (melded)
Scrolls
 e - a scroll of magic mapping
 i - a scroll of teleportation
Comestibles
 c - 3 bread rations
 f - a meat ration
 j - a beef jerky


   Skills:
 * Level 3.1 Fighting
 + Level 3.1 Maces & Flails
 * Level 1.4 Armour
 + Level 2.6 Dodging
 + Level 2.7 Stealth


You had 3 spell levels left.
You didn't know any spells.

Dungeon Overview and Level Annotations

Branches:
Dungeon (2/15)

Altars:
Makhleb


Innate Abilities, Weirdness & Mutations

((You have extremely sharp teeth.))
Your natural rate of healing is unusually fast.
When hurt, damage is shared between your health and your magic reserves.
((Your bite disrupts and absorbs the magic of your enemies.))
Potions and wands cannot restore your health.
You are immune to rotting.


Message History

You feel agile all of a sudden.
* * * LOW HITPOINT WARNING * * *
You feel sick.
Unknown command.
It was a potion of lignification.
You turn into a tree.
Your +1 ring mail melds into your body.
Your roots penetrate the ground.
* * * LOW HITPOINT WARNING * * *
You feel sick.
There is a lethal amount of poison in your body!
There is a lethal amount of poison in your body!
There is a lethal amount of poison in your body!
* * * LOW HITPOINT WARNING * * *
You feel sick.
* * * LOW HITPOINT WARNING * * *
You feel sick.
It was a potion of might.
You feel very mighty all of a sudden.
* * * LOW HITPOINT WARNING * * *
You feel sick.
You die...

.## #.......# *,* ..# #.......#
******,**** #.## #.......#
*,,,,,,,,,* #..########.......#
*,,,,,,,,,* .....≈...#........#
*,,,,,,,,,*** ##.#P≈≈.##........#
****,,,,,,,,*
....≈PP.##.#############,,,,,,,,*
....♣≈≈.............!.>#,,,,,,,,*
...<♣P..####....♣)..#***,,,,,,,,*
####..#.# #........#***,,,,,,,,*
......#.# #...(......#*,,,,,,,,*
#####.#.# #.######...#*,,,,,,,,*
#...# #.# *...#***,****** ###
##..# ##.#*****,..#***,* ..# #..#
#...,,,,,,,...,,,* ..# ##.#
#..#*****,,.##**** ..# #.###..#
*****


There were no monsters in sight!

Vanquished Creatures
  An adder (D:2)
  A worm (D:2)
  2 dart slugs
  3 leopard geckos
  3 bats
  4 giant cockroaches
  4 goblins
  3 hobgoblins
  3 jackals (D:2)
  4 kobolds
  A quokka (D:2)
  A frilled lizard (D:2)
  5 rats
35 creatures vanquished.

Notes
Turn   | Place    | Note
-------+----------+-------------------------------------------
     0 | D:1      | feito the Vine Stalker Monk began the quest for the Orb.
     0 | D:1      | Reached XP level 1. HP: 11/11 MP: 2/2
   646 | D:1      | Reached XP level 2. HP: 13/16 MP: 3/3
  1777 | D:2      | Reached XP level 3. HP: 19/20 MP: 4/4
  1833 | D:2      | Reached skill level 1 in Armour
  2717 | D:2      | Found a burning altar of Makhleb.
  2800 | D:2      | Gained mutation: Your natural rate of healing is unusually fast. [Vine Stalker growth]
  2800 | D:2      | Reached XP level 4. HP: 11/24 MP: 3/5
  2806 | D:2      | HP: 1/36 [poisoned by a kobold]
  2807 | D:2      | Succumbed to a kobold's poison

Vault maps used:
D:1:      dpeg_arrival_signposts
D:2:      bloody_makhleb, serial_bayou_pond_e

Skill      XL: |  1  2  3 |
---------------+----------+-----
Fighting       | 3 |  3.1
Armour         | 1 |  1.4
Maces & Flails | 3 |  3.1
Dodging        | |  2.6
Stealth        | |  2.7

Action                   |  1- 3 |  4- 6 || total
-------------------------+-------+-------++-------
Melee: Mace              |   131 |       ||   131
       Bite              |    33 |       ||    33
       Quarterstaff      |     9 |       ||     9
Throw: Stone             |     7 |       ||     7
  Use: Scroll            |     4 |       ||     4
       Potion            |       |     4 ||     4
 Stab: Sleeping          |     5 |       ||     5
  Eat: Chunk             |     6 |       ||     6
Armor: Robe              |     9 |       ||     9
       Ring mail         |    38 |       ||    38
Dodge: Dodged            |    96 |       ||    96
